 Dungeon Crawl Stone Soup version 0.30-a0-568-g124715a40b (console) character file.

Game seed: 15657624132169615268

223666 jejorda2 the Phalangite (level 19, -4/235 HPs)
             Began as a Merfolk Berserker on Dec 28, 2022.
             Was the Champion of Trog.
             Killed from afar by a salamander tyrant (14 damage)
             ... with a flame surge
             ... on level 4 of the Snake Pit on Dec 29, 2022.
             The game lasted 01:31:55 (29433 turns).

jejorda2 the Phalangite (Merfolk Berserker)        Turns: 29433, Time: 01:31:55

Health: -4/235     AC: 40    Str: 28    XL:     19   Next: 27%
Magic:  28/28      EV: 10    Int:  6    God:    Trog [******]
Gold:   762        SH:  0    Dex: 17    Spells: 18/18 levels left

rFire   + . .      SeeInvis +    a - +5 glaive {elec, spectral, AC+5}
rCold   + . .      Faith    .    (shield currently unavailable)
rNeg    . . .      Spirit   .    c - +4 gold dragon scales
rPois   +          Reflect  .    o - +2 helmet {SInv}
rElec   +          Harm     .    Y - +2 cloak {Will+}
rCorr   +          Rampage  +    H - +0 pair of gloves
Will    +++..      Rnd*Tele +    K - +0 pair of boots {rampage} Stlth
                                 k - amulet "Myvuyj Pyho" {+Inv rElec rF- Will+ Regen+}
HPRegen 2.19/turn                x - ring "Tiok" {Contam +Blink rPois rF+ rCorr MP+9}
MPRegen 0.21/turn                I - +6 ring of strength

@: berserking, lethally poisoned (-4 -> -5), weakened, constricted, studying
Dodging, very quick
A: (nimble swimmer 2), mertail, regeneration 1, teleportitis 1
}: 1/15 runes: barnacled
a: Renounce Religion, Evoke Blink, Evoke Invisibility, Berserk, Trog's Hand,
Brothers in Arms


You were on level 4 of the Snake Pit.
You worshipped Trog.
Trog was exalted by your worship.
You visited 5 branches of the dungeon, and saw 30 of its levels.
You also visited: Ossuary, Bailey, Gauntlet and Ice Cave.

You collected 2968 gold pieces.
You spent 2206 gold pieces at shops.

Inventory:

Hand Weapons
 a - the +5 glaive of the Guard (weapon) {elec, spectral, AC+5}
   (You acquired it in a Gauntlet)

   It occasionally discharges a powerful burst of electricity upon striking a
   foe.
   When it strikes, its spirit leaps out and fights alongside the wielder.
   AC:        It affects your AC (+5).
 b - a +7 glaive of flaming
 w - a +7 antimagic bardiche
Missiles
 g - 27 boomerangs (quivered)
 j - 6 throwing nets
 u - 38 poisoned darts
 y - 6 curare-tipped darts
 R - 10 silver javelins
 Z - 10 javelins
Armour
 c - +4 gold dragon scales (worn)
 o - a +2 helmet of see invisible (worn)
 H - a +0 pair of gloves (worn)
 K - a +0 pair of boots of rampaging (worn)
 Y - a +2 cloak of willpower (worn)
Jewellery
 k - the amulet "Myvuyj Pyho" (around neck) {+Inv rElec rF- Will+ Regen+}
   (You found it on level 2 of the Dungeon)

   [amulet of regeneration]

   rF:        It makes you vulnerable to fire.
   rElec:     It insulates you from electricity.
   +Inv:      It lets you turn invisible.
   Regen:     It increases your rate of health regeneration.
   Will:      It increases your willpower.
 x - the ring "Tiok" (left hand) {Contam +Blink rPois rF+ rCorr MP+9}
   (You found it on level 4 of the Shoals)

   [ring of protection from fire]

   rF:        It protects you from fire.
   rPois:     It protects you from poison.
   MP:        It affects your magic capacity (+9).
   +Blink:    It lets you blink.
   Contam:    It causes magical contamination when unequipped.
   rCorr:     It protects you from acid and corrosion.
 I - a +6 ring of strength (right hand)
Wands
 m - a wand of mindburst (33)
 n - a wand of iceblast (36)
 v - a wand of polymorph (4)
 J - a wand of flame (17)
 Q - a wand of paralysis (17)
 S - a wand of digging (4)
 X - a wand of acid (6)
Scrolls
 e - 18 scrolls of teleportation
 p - 4 scrolls of blinking
 s - a scroll of silence
 A - 3 scrolls of summoning
 B - 6 scrolls of immolation
 D - 8 scrolls of fog
 E - 7 scrolls of fear
 F - 3 scrolls of magic mapping
 N - 2 scrolls of poison
Potions
 d - 7 potions of resistance
 f - 13 potions of ambrosia
 i - 7 potions of flight
 l - 4 potions of mutation
 q - 16 potions of curing
 r - 11 potions of haste
 t - 3 potions of magic
 z - 6 potions of might
 C - 2 potions of lignification
 G - 4 potions of cancellation
 P - 3 potions of invisibility
 T - 5 potions of heal wounds
 U - 5 potions of berserk rage
 W - 2 potions of attraction
Miscellaneous
 h - a tin of tremorstones (2/2)
 L - a lightning rod (4/4)
 M - a phial of floods


   Skills:
 - Level 16.0 Fighting
 + Level 23.5 Polearms
 + Level 14.7 Throwing
 - Level 16.0 Armour
 + Level 14.3 Dodging
 - Level 7.0 Evocations


You had 18 spell levels left.
You didn't know any spells.
Your spell library was empty.

Dungeon Overview and Level Annotations

Branches:
Dungeon (15/15)            Temple (0/1) D:4            Lair (5/5) D:11
 Shoals (4/4) Lair:2        Snake (4/4) Lair:3        Slime (0/5) Lair:5
    Orc (2/2) D:10            Elf (0/3) Orc:2        Vaults (0/5) D:13
 Depths (0/4) D:15        Ossuary (visited)          Bailey (visited)
  IceCv (visited)         Gauntlet (visited)

Altars:
Fedhas
Gozag
Nemelex Xobeh
Sif Muna
Uskayaw
Wu Jian
Jiyva

Shops:
D:4 **   D:12 [   D:14 ?   Orc:2 :(**(!   Shoals:1 ?   Shoals:4 (   Snake:1 =::

Annotations:
D:13 1 runed translucent door
Snake:4 exclusion: 3 doors


Innate Abilities, Weirdness & Mutations

((You are very nimble when in or above water. (Stealth+, EV+, Speed+++)))
Your lower body shifts to a powerful aquatic tail in water.
Your natural rate of healing is unusually fast.
You are occasionally teleported next to monsters.


Message History

You kill the guardian serpent!
Trog accepts your kill.
Trog appreciates your killing of a magic user.
The salamander hits you but does no damage.
The salamander tyrant hits you!
* * * LOW HITPOINT WARNING * * *
You are engulfed in flames!
You resist.
* * * LOW HITPOINT WARNING * * *
The salamander hits you but does no damage.
The nagaraja spits poison at you.
The splash of poison hits you but does no damage.
You resist. The nagaraja constricts you.
The salamander hits you with a +0 halberd.
* * * LOW HITPOINT WARNING * * *
You are engulfed in flames.
You resist.
* * * LOW HITPOINT WARNING * * *
You slash the nagaraja!
The nagaraja is lightly wounded.
Your +5 glaive of the Guard {elec, spectral, AC+5} barely misses the nagaraja.
The salamander mystic hits you but does no damage.
The salamander misses you.
You hit the salamander tyrant.
Lightning courses through the salamander tyrant!
The salamander tyrant is moderately wounded.
Your +5 glaive of the Guard {elec, spectral, AC+5} hits the salamander tyrant!
Lightning courses through the salamander tyrant!
The salamander barely misses you. The nagaraja casts a spell at you.
The poison arrow hits you!
You are poisoned.
You partially resist.
* * * LOW HITPOINT WARNING * * *
The nagaraja constricts you.
The salamander hits you with a +1 halberd.
* * * LOW HITPOINT WARNING * * *
You are engulfed in flames.
You resist.
* * * LOW HITPOINT WARNING * * *
The salamander tyrant calls gouts of flame from the lava!
The flame surge hits you! You resist.
You die...

##.....#......)..#...
#.)..#.......).....#.
#..##.###....§..###!#
##).####≈##.≈§§.## #
##..## ≈≈≈≈##§§≈##
#..## ≈≈≈≈≈##### #..#
##≈≈§....
#..###NN§§§§≈§
##...N@(NN≈≈≈≈
##..NN§§≈§≈≈≈
###≈≈≈N§§§≈.
###≈.≈≈§≈. ..§≈≈.§
#.....≈ ###.≈≈ ###


You could see a nagaraja (fast, catching breath), a salamander tyrant, a
salamander mystic, 4 salamanders, a naga and a friendly +5 glaive of the Guard
{elec, spectral, AC+5} (summoned).

Vanquished Creatures
  Nikola (Snake:1)
  The ghost of Qobluxtent the Unseen, an adept GnDe of Gozag (Shoals:2)
  2 krakens
  Roxanne (Shoals:2)
  Kirke (D:15)
  Ilsuiw (Shoals:2)
  3 nagarajas
  A frost giant (IceCv)
  An orc warlord (Bailey)
  Aizul (Snake:1)
  Louise (Shoals:1)
  Nessos (D:15)
  A minotaur (Gauntlet)
  A dire elephant (D:15)
  9 merfolk impalers
  7 merfolk javelineers
  Josephine (Snake:1)
  Harold (D:11)
  7 hydras
  4 vault guards (D:13)
  6 salamander tyrants (Snake:4)
  3 alligator snapping turtles (Shoals:4)
  3 merfolk avatars
  2 centaur warriors (D:13)
  5 ogre magi
  9 anacondas
  Erica (D:8)
  17 two-headed ogres
  5 merfolk aquamancers
  4 boulder beetles
  6 death yaks (IceCv)
  3 satyrs
  6 shock serpents
  11 naga warriors
  A tengu warrior (D:14)
  9 naga sharpshooters
  Sonja (Lair:3)
  The ghost of PyroL the Fighter, a novice DrWr of Okawaru (D:8)
  An orc high priest (Orc:2)
  2 salamander mystics (Snake:4)
  5 slime creatures (D:14)
  2 goliath frogs (Lair:5)
  21 sea snakes
  5 naga ritualists
  2 phantasmal warriors (Snake:4)
  2 wizards (Gauntlet)
  6 deep elf pyromancers
  4 orc sorcerers
  A lindwurm (Lair:4)
  9 mana vipers
  14 harpies
  4 cyclopes
  A wolf spider (D:15)
  16 manticores
  An oklob plant (Lair:2)
  15 fauns
  16 salamanders
  14 ugly things
  18 naga magi
  10 water nymphs
  10 merfolk sirens
  A torpor snail (Lair:3)
  An ice statue (IceCv)
  29 black mambas
  5 guardian serpents
  2 gargoyles
  19 cane toads
  An unseen horror (D:11)
  3 spectral nagas (Snake:4)
  A freezing wraith (D:15)
  4 komodo dragons
  7 rime drakes
  4 tyrant leeches
  A queen bee (Lair:2)
  11 polar bears
  7 trolls
  5 wind drakes
  30 merfolk
  A hornet (shapeshifter) (D:13)
  A wind drake (shapeshifter) (D:15)
  27 blink frogs
  A hornet (D:8)
  11 snapping turtles
  7 dream sheep (Lair:5)
  2 shadows
  3 wyverns
  A hog (D:15)
  8 water elementals
  6 wraiths
  A neqoxec (Gauntlet)
  8 basilisks
  70 yaks
  2 chaos spawn (Gauntlet)
  21 vampire mosquitoes
  26 nagas
  2 wargs (Orc:2)
  4 acid dragons
  2 swamp worms (Gauntlet)
  8 water moccasins
  Duvessa (D:4)
  31 orc warriors
  3 sky beasts
  A swamp drake (D:10)
  2 black bears
  24 ogres (Orc:2)
  33 wolves
  6 centaurs
  3 phantoms
  3 kobold brigands
  An elf zombie (Ossuary)
  16 bullfrogs
  A gnoll sergeant (D:11)
  3 necrophages
  11 wights
  Dowan (D:4)
  32 killer bees
  3 electric eels (D:12)
  5 howler monkeys
  2 centaur zombies (Ossuary)
  2 jellies
  2 human zombies (Ossuary)
  5 hounds
  18 orc priests
  A gnoll bouda (D:6)
  Terence (D:3)
  5 iguanas
  9 orc wizards
  4 hell rats (Lair:4)
  2 hound zombies (Ossuary)
  3 mummies (Ossuary)
  8 adders
  14 gnolls
  2 shadow imps (Gauntlet)
  4 white imps
  4 ufetubi
  3 adder zombies (Ossuary)
  2 worms
  A dart slug (D:1)
  75 orcs
  10 ball pythons
  12 endoplasms
  5 giant cockroaches
  3 gnoll zombies (Ossuary)
  23 goblins
  12 hobgoblins
  8 jackals
  24 kobolds
  3 quokkas
  4 bats
  3 frilled lizards
  5 goblin zombies (Ossuary)
  A hobgoblin zombie (Ossuary)
  3 jackal zombies (Ossuary)
  A kobold zombie (Ossuary)
  6 quokka zombies (Ossuary)
  3 rats
  4 rat zombies (Ossuary)
  A plant (Lair:5)
  A tentacle (Shoals:2)
1140 creatures vanquished.

Vanquished Creatures (collateral kills)
  2 orcs (Bailey)
  A goblin (Bailey)
3 creatures vanquished.

Vanquished Creatures (others)
  A shadow imp (Gauntlet)
  A hobgoblin (D:1)
  A frilled lizard (D:1)
  14 demonic plants (Gauntlet)
  23 fungi
  216 plants
  8 tentacles
264 creatures vanquished.

Grand Total: 1407 creatures vanquished

Notes
Turn   | Place    | Note
-------+----------+-------------------------------------------
     0 | D:1      | jejorda2 the Merfolk Berserker began the quest for the Orb.
     0 | D:1      | Reached XP level 1. HP: 18/18 MP: 1/1
    77 | D:1      | Reached XP level 2. HP: 24/24 MP: 2/2
   435 | D:1      | Reached XP level 3. HP: 23/29 MP: 3/3
   621 | D:1      | Reached skill level 5 in Polearms
  1271 | D:2      | Found a faded altar of an unknown god.
  1309 | D:2      | Identified the amulet "Myvuyj Pyho" {+Inv rElec rF- Will+
                  | Regen+}
  1347 | D:2      | Reached ** piety under Trog
  1389 | D:2      | Reached XP level 4. HP: 37/37 MP: 4/4
  2208 | D:3      | Reached XP level 5. HP: 42/42 MP: 5/5
  2214 | D:3      | Reached skill level 6 in Polearms
  2422 | D:3      | Found a shimmering blue altar of Sif Muna.
  2611 | D:3      | Noticed Terence
  2634 | D:3      | Killed Terence
  2825 | D:3      | Found a sparkling altar of Nemelex Xobeh.
  3218 | D:4      | Reached XP level 6. HP: 43/49 MP: 6/6
  3253 | D:4      | Reached skill level 7 in Polearms
  3275 | D:4      | Found Nolum's Assorted Antiques.
  3278 | D:4      | Bought a small silver ring for 150 gold pieces
  3278 | D:4      | Bought a fuming emerald potion for 27 gold pieces
  3278 | D:4      | Bought a white potion for 27 gold pieces
  3299 | D:4      | Found a staircase to the Ecumenical Temple.
  3405 | D:4      | Reached skill level 5 in Dodging
  3416 | D:4      | Reached *** piety under Trog
  3458 | D:4      | Found Ghirchoto's Goods Gallery.
  3583 | D:4      | Noticed Duvessa
  3590 | D:4      | Noticed Dowan
  3598 | D:4      | Killed Duvessa
  3599 | D:4      | Reached skill level 5 in Fighting
  3599 | D:4      | Reached XP level 7. HP: 56/56 MP: 7/7
  3601 | D:4      | Killed Dowan
  3602 | D:4      | Reached skill level 8 in Polearms
  3767 | D:5      | Entered Level 5 of the Dungeon
  4398 | D:6      | Reached skill level 9 in Polearms
  4398 | D:6      | Reached XP level 8. HP: 59/64 MP: 8/8
  4740 | D:6      | Reached skill level 10 in Polearms
  4813 | D:6      | Reached skill level 11 in Polearms
  5222 | D:4      | Bought a +0 glaive for 91 gold pieces
  5269 | D:7      | Noticed a manticore
  5285 | D:7      | Killed a manticore
  5286 | D:7      | Reached skill level 12 in Polearms
  5286 | D:7      | Reached XP level 9. HP: 12/69 MP: 9/9
  5310 | D:7      | Found a sand-covered staircase.
  5333 | Ossuary  | Entered an ossuary
  5465 | Ossuary  | Reached **** piety under Trog
  5876 | D:7      | Reached skill level 13 in Polearms
  6056 | D:7      | Found a hide-covered altar of Uskayaw.
  6246 | D:8      | Gained mutation: Your natural rate of healing is unusually
                  | fast. [potion of mutation]
  6261 | D:8      | Noticed a deep elf pyromancer
  6261 | D:8      | Noticed Erica
  6265 | D:8      | Killed a deep elf pyromancer
  6266 | D:8      | Reached skill level 14 in Polearms
  6266 | D:8      | Reached skill level 5 in Armour
  6266 | D:8      | Reached XP level 10. HP: 53/76 MP: 10/10
  6269 | D:8      | Killed Erica
  6300 | D:8      | Noticed a gargoyle
  6305 | D:8      | Killed a gargoyle
  6306 | D:8      | Reached skill level 15 in Polearms
  6325 | D:8      | Found a runed translucent gate.
  6325 | D:8      | Noticed PyroL's ghost (novice DrWr)
  6326 | D:8      | Found a runed translucent gate.
  6328 | D:8      | Found a runed translucent gate.
  6505 | D:8      | Found a flagged portal.
  6517 | Bailey   | Entered a bailey
  6577 | Bailey   | Reached ***** piety under Trog
  6609 | Bailey   | Reached skill level 16 in Polearms
  6810 | Bailey   | Noticed an orc warlord
  6826 | Bailey   | Killed an orc warlord
  6827 | Bailey   | Reached XP level 11. HP: 81/81 MP: 11/11
  6830 | Bailey   | Reached skill level 17 in Polearms
  6871 | Bailey   | Acquired a manual of Polearms
  7026 | D:8      | Found a blossoming altar of Fedhas.
  7032 | D:8      | Identified the +7 quarterstaff "Dragon's Tongue" {drain,
                  | rElec rF+ Str+2 Dex+4}
  7357 | D:8      | Identified the +5 plate armour of Buxieb {SInv}
  7469 | D:8      | Killed PyroL's ghost
  7471 | D:8      | Received a gift from Trog
  7747 | D:9      | Reached skill level 18 in Polearms
  7827 | D:9      | Noticed a deep elf pyromancer
  7834 | D:9      | Noticed a five-headed hydra
  7835 | D:9      | Noticed a brown ugly thing
  7859 | D:9      | Killed a five-headed hydra
  7860 | D:9      | Reached skill level 19 in Polearms
  7881 | D:9      | Killed a brown ugly thing
  7888 | D:9      | Killed a deep elf pyromancer
  8244 | D:9      | Reached skill level 20 in Polearms
  8500 | D:9      | Found an ornate altar of the Wu Jian Council.
  8563 | D:10     | Entered Level 10 of the Dungeon
  9048 | D:10     | Reached XP level 12. HP: 80/87 MP: 12/12
  9101 | D:10     | Found a staircase to the Orcish Mines.
  9477 | D:11     | Found a frozen archway.
  9512 | IceCv    | Entered an ice cave
  9659 | IceCv    | Noticed a death yak
  9659 | IceCv    | Noticed a death yak
  9686 | IceCv    | Killed a death yak
  9687 | IceCv    | Reached skill level 1 in Throwing
  9698 | IceCv    | Killed a death yak
  9886 | IceCv    | Reached skill level 10 in Armour
 10095 | IceCv    | Noticed a death yak
 10114 | IceCv    | Killed a death yak
 10151 | IceCv    | Reached XP level 13. HP: 96/96 MP: 13/13
 10215 | IceCv    | Noticed a frost giant
 10229 | IceCv    | Killed a frost giant
 10659 | D:11     | Noticed Harold
 10668 | D:11     | Killed Harold
 10669 | D:11     | Reached skill level 5 in Throwing
 10750 | D:11     | Received a gift from Trog
 10835 | D:11     | Found a staircase to the Lair.
 11406 | Lair:1   | Entered Level 1 of the Lair of Beasts
 12334 | Lair:2   | Found a staircase to the Shoals.
 12415 | Lair:2   | Found a gate leading to a gauntlet.
 12423 | Gauntlet | Entered a Gauntlet
 12423 | Gauntlet | Found a transporter.
 12423 | Gauntlet | Found a transporter.
 12430 | Gauntlet | Found a transporter.
 12439 | Gauntlet | Found a transporter.
 12448 | Gauntlet | Found a transporter.
 12448 | Gauntlet | Found a transporter.
 12472 | Gauntlet | Found a transporter.
 12487 | Gauntlet | Noticed a blizzard demon
 12493 | Gauntlet | Found a transporter.
 12504 | Gauntlet | Found a transporter.
 12525 | Gauntlet | Found a transporter.
 12531 | Gauntlet | Noticed a green death
 12570 | Gauntlet | Found a transporter.
 12587 | Gauntlet | Found a transporter.
 12676 | Gauntlet | Found a transporter.
 12687 | Gauntlet | Found a transporter.
 12702 | Gauntlet | Found a transporter.
 12714 | Gauntlet | Found a transporter.
 12796 | Gauntlet | Gained mutation: You are occasionally teleported next to
                  | monsters. [a neqoxec]
 12910 | Gauntlet | Acquired the +5 glaive of the Guard {elec, spectral, AC+5}
 12910 | Gauntlet | Found the +5 glaive of the Guard {elec, spectral, AC+5}
 12983 | Gauntlet | Found the +5 robe of Night {Dark Will+ SInv}
 12983 | Gauntlet | Noticed a minotaur
 12990 | Gauntlet | Killed a minotaur
 13199 | Lair:2   | Reached XP level 14. HP: 109/109 MP: 14/14
 13244 | Lair:2   | Reached skill level 1 in Evocations
 13326 | Lair:2   | Received a gift from Trog
 13499 | Lair:2   | Reached skill level 10 in Fighting
 13978 | Lair:3   | Reached ****** piety under Trog
 14018 | Lair:3   | Found a staircase to the Snake Pit.
 14165 | Lair:3   | Acquired a manual of Dodging
 14393 | Lair:3   | Noticed Sonja
 14397 | Lair:3   | Killed Sonja
 15854 | D:4      | Bought +0 gold dragon scales for 1120 gold pieces
 16072 | Lair:5   | Entered Level 5 of the Lair of Beasts
 16213 | Lair:5   | Reached skill level 10 in Throwing
 16235 | Lair:5   | Found a staircase to the Slime Pits.
 16235 | Lair:5   | Found a viscous altar of Jiyva.
 16239 | Lair:5   | Received a gift from Trog
 16403 | Lair:5   | Identified the +4 whip of the Thirsty Tusks {venom, rF+
                  | rC+}
 16464 | Lair:5   | Reached skill level 21 in Polearms
 16465 | Lair:5   | Reached XP level 15. HP: 117/117 MP: 15/15
 17332 | D:12     | Received a gift from Trog
 17513 | D:12     | Reached skill level 22 in Polearms
 17580 | D:12     | Found Waofiry's Antique Armour Shoppe.
 18089 | D:13     | Found a gate to the Vaults.
 18532 | D:13     | Found a runed translucent door.
 18535 | D:13     | Noticed a balrug
 18688 | D:14     | Found Qepoargh's Magic Scroll Shoppe.
 19697 | D:15     | Entered Level 15 of the Dungeon
 19821 | D:15     | Reached skill level 5 in Evocations
 19874 | D:15     | Noticed Nessos
 19882 | D:15     | Killed Nessos
 20037 | D:15     | Noticed Kirke
 20048 | D:15     | Killed Kirke
 20060 | D:15     | Found an opulent altar of Gozag.
 20397 | D:15     | Found a staircase to the Depths.
 20688 | Orc:1    | Entered Level 1 of the Orcish Mines
 20696 | Orc:1    | Received a gift from Trog
 20697 | Orc:1    | Reached XP level 16. HP: 127/127 MP: 16/16
 20844 | Orc:1    | You fall into a shaft and drop 1 floor!
 20844 | Orc:2    | Entered Level 2 of the Orcish Mines
 20844 | Orc:2    | Found Etsem's Book Shoppe.
 20866 | Orc:2    | Found a staircase to the Elven Halls.
 20893 | Orc:2    | Received a gift from Trog
 20971 | Orc:2    | Found Dakyor's Antique Weapon Boutique.
 21017 | Orc:2    | Reached skill level 10 in Dodging
 21061 | Orc:2    | Found Ocezet's Assorted Antiques.
 21061 | Orc:2    | Found Dajak's Weapon Boutique.
 21061 | Orc:2    | Found Hiolats's Assorted Antiques.
 21061 | Orc:2    | Found Wucvur's Distillery.
 21095 | Orc:2    | Bought a runed cloak for 210 gold pieces
 21111 | Orc:2    | Bought a copper wand for 156 gold pieces
 21332 | Orc:2    | Bought a masterwork glaive for 425 gold pieces
 21332 | Orc:2    | Identified the +4 glaive of Nomieck {speed, rC+ rCorr Dex+4
                  | Stlth+} (You bought it in a shop on level 2 of the Orcish
                  | Mines)
 21627 | Shoals:1 | Entered Level 1 of the Shoals
 21752 | Shoals:1 | Noticed Louise
 21761 | Shoals:1 | Killed Louise
 21855 | Shoals:1 | Received a gift from Trog
 21868 | Shoals:1 | Found Pefrosk's Magic Scroll Shop.
 22357 | Shoals:2 | Noticed Ilsuiw
 22388 | Shoals:2 | Killed Ilsuiw
 22549 | Shoals:2 | Noticed Roxanne
 22594 | Shoals:2 | Killed Roxanne
 22707 | Shoals:2 | Noticed a kraken
 22721 | Shoals:2 | Killed a kraken
 22721 | Shoals:2 | Received a gift from Trog
 22722 | Shoals:2 | Reached XP level 17. HP: 66/139 MP: 17/17
 23099 | Shoals:2 | Found a runed translucent gate.
 23099 | Shoals:2 | Found a runed translucent gate.
 23100 | Shoals:2 | Found a runed translucent gate.
 23104 | Shoals:2 | Noticed Qobluxtent's ghost (adept GnDe)
 23123 | Shoals:2 | Killed Qobluxtent's ghost
 23555 | Shoals:3 | Identified the +3 halberd "Madejic" {heavy, *Corrode rC+
                  | rN+ Dex+2} (Trog gifted it to you on level 3 of the Shoals)
 23555 | Shoals:3 | Received a gift from Trog
 24130 | Shoals:4 | Entered Level 4 of the Shoals
 24271 | Shoals:4 | Found Vyejawk's Weapon Shop.
 24272 | Shoals:4 | Identified the ring "Tiok" {Contam +Blink rPois rF+ rCorr
                  | MP+9}
 24427 | Shoals:4 | Noticed a kraken
 24438 | Shoals:4 | Killed a kraken
 24753 | Shoals:4 | Received a gift from Trog
 24916 | Shoals:4 | Got a barnacled rune of Zot
 24927 | Shoals:4 | Reached skill level 15 in Armour
 24946 | Shoals:4 | Reached XP level 18. HP: 148/148 MP: 18/18
 25363 | Snake:1  | Entered Level 1 of the Snake Pit
 25372 | Snake:1  | Reached skill level 15 in Fighting
 25518 | Snake:1  | Noticed Josephine
 25523 | Snake:1  | Killed Josephine
 25717 | Snake:1  | Noticed Aizul
 25726 | Snake:1  | Killed Aizul
 25780 | Snake:1  | Noticed Nikola
 25789 | Snake:1  | Killed Nikola
 26590 | Snake:1  | Found Plog's Book Shoppe.
 26591 | Snake:1  | Found Zedwiawk's Jewellery Boutique.
 26592 | Snake:1  | Found Urig's Book Shoppe.
 27006 | Snake:2  | Received a gift from Trog
 28185 | Snake:3  | Received a gift from Trog
 28817 | Snake:4  | Entered Level 4 of the Snake Pit
 28846 | Snake:4  | Reached skill level 23 in Polearms
 29015 | Snake:4  | Reached XP level 19. HP: 137/157 MP: 19/19
 29314 | Snake:4  | Received a gift from Trog
 29433 | Snake:4  | HP: 10/235 [salamander/+1 halberd (4)]
 29433 | Snake:4  | Killed from afar by a salamander tyrant

Illustrated notes

Levels and vault maps discovered:
D:1:      lemuel_arrival_hallway, layout_basic, lemuel_flame_loot_1
D:2:      layout_basic, hellmonk_ecumenical_altar_arch_garden
D:3:      layout_basic, mainiacjoe_overflow_alcove_1, marbit_many_paths,
          serial_glass, glass_columns_a, glass_columns_a, glass_columns_c,
          glass_columns_b, glass_columns_a, glass_columns_a,
          grunt_decor_clamped, uniq_terence
D:4:      layout_rooms, minmay_temple_entry_grid, serial_shops, kennysheep_mini,
          nicolae_alphabet_shops, minmay_misc_feat_hallway, uniq_duvessa
D:5:      layout_rooms
D:6:      layout_gridville
D:7:      layout_rooms, kennysheep_mini_moat, nicolae_ossuary_entry_monument
D:8:      layout_rooms, nicolae_overflow_crystal_walls,
          lightli_bailey_entry_fortress, biasface_ghost_orc_armoury,
          guppyfry_early_elven_hall, uniq_erica
D:9:      layout_basic, nzn_wu_jian_council_hall, minmay_stone_trees_small,
          minmay_radiant
D:10:     layout_loops_cross, erik_orc_1, nicolae_concentric_dashed_squares_wild
D:11:     layout_basic, lair_entry_dummy, portal_ice_cave_rime,
          dk_noncrumbling_4, uniq_harold
D:12:     layout_basic, serial_shops, nicolae_shop_overgrown_old_shop,
          serial_bayou_lagoon_b
D:13:     dreamdust_dug_too_deep, layout_rooms,
          lightli_vaults_fourway_checkpoint
D:14:     layout_big_octagon, serial_shops, shop_statue, serial_rivers,
          chequers_serial_rivers_room_b, chequers_serial_rivers_large_b,
          chequers_serial_rivers_micro_c, chequers_serial_rivers_small_b,
          chequers_serial_rivers_large_a
D:15:     hangedman_depths_entry_try_elsewhere_first, layout_basic,
          grunt_gozag_statues, uniq_kirke, uniq_nessos
Lair:1:   layout_long_grid
Lair:2:   layout_hall_layers, elwin_shoals_entry_stream, gauntlet_entry_generic,
          special_room [special_room_bee], chequers_serial_rivers_micro_e,
          beast_lair_carwin_9
Lair:3:   layout_regular_city, dummy_snake_entry, uniq_sonja
Lair:4:   layout_cave_pods
Lair:5:   minmay_lair_end_frog_pond, layout_layer_cave,
          nicolae_slime_entry_slimehenge
Shoals:1: layout_shoals, serial_shops, nicolae_shop_stone, uniq_louise
Shoals:2: layout_shoals, ebering_ghost_rock_garden, nicolae_shoals_mertower,
          uniq_ilsuiw, uniq_roxanne
Shoals:3: layout_shoals, nicolae_splish_splash
Shoals:4: shoals_end_grunt_garden, layout_shoals, serial_shops,
          nicolae_shop_bloodbath_and_beyond
Snake:1:  nrook_guardian_serpent_snake_passage, layout_layer_cave,
          minmay_shop_grove, uniq_josephine, uniq_nikola, uniq_aizul
Snake:2:  nicolae_snakescales, layout_chambers, nicolae_snake_springs
Snake:3:  layout_onion
Snake:4:  grunt_snake_rune_pools, layout_rooms,
          nicolae_snake_ghostly_warrior_ritual, grunt_megastairs_4
Orc:1:    layout_caves
Orc:2:    st_orc_ogre_mass, layout_diamond_mine, serial_shops, shop,
          shop_fountains

Skill      XL: |  1  2  3  4  5  6  7  8  9 10 11 12 13 14 15 16 17 18 19 |
---------------+----------------------------------------------------------+-----
Dodging        | 3 4 5 6 8 12 14 | 14.3
Polearms       | 5 6 7 9 12 14 16 20 21 22 23 | 23.5
Fighting       | 4 5 6 7 9 10 11 14 16 | 16.0
Armour         | 2 3 5 6 8 10 12 13 15 16 | 16.0
Throwing       | 3 6 11 12 14 | 14.7
Evocations     | 4 6 7 |  7.0

Action                   |  1- 3 |  4- 6 |  7- 9 | 10-12 | 13-15 | 16-18 | 19-21 || total
-------------------------+-------+-------+-------+-------+-------+-------+-------++-------
Melee: Spear             |    97 |   147 |       |       |       |       |       ||   244
       Punch             |     1 |       |     2 |       |       |       |       ||     3
       Trident           |       |    75 |   186 |     8 |       |       |       ||   269
       Glaive            |       |       |   195 |   864 |   835 |   860 |    93 ||  2847
       Tailslap          |       |       |       |    10 |     4 |    17 |       ||    31
       Halberd           |       |       |       |       |    39 |       |       ||    39
       Bardiche          |       |       |       |       |       |    15 |       ||    15
Throw: Stone             |       |     8 |    19 |    23 |     2 |       |       ||    52
       Dart              |       |       |       |       |    10 |       |       ||    10
       Boomerang         |       |       |       |       |     4 |    98 |    10 ||   112
Invok: Berserk           |     1 |     4 |     6 |     6 |     7 |     1 |     2 ||    27
       Trog's Hand       |       |     1 |     4 |     4 |     4 |     1 |       ||    14
Evoke: Wand              |       |       |     3 |       |     4 |       |       ||     7
       Phial of floods   |       |       |       |       |       |     1 |       ||     1
  Use: Scroll            |       |       |    20 |     4 |    13 |     1 |       ||    38
       Potion            |       |       |     3 |       |       |       |       ||     3
 Stab: Sleeping          |     1 |       |       |       |       |       |       ||     1
       Distracted        |     1 |       |       |     4 |     8 |    11 |     2 ||    26
Armor: Chain mail        |    27 |    76 |   135 |    66 |       |       |       ||   304
       Plate armour      |       |       |       |   219 |   219 |       |       ||   438
       Gold dragon scale |       |       |       |       |   198 |   411 |    78 ||   687
Dodge: Dodged            |    17 |    78 |   310 |   433 |   488 |   373 |    39 ||  1738

Table legend: (Time is in decaauts)
 A = Elapsed time spent in this place.
 B = Non-inter-level travel time spent in this place.
 C = Inter-level travel time spent in this place.
 D = Time resting spent in this place.
 E = Time spent auto-exploring this place.
 F = Levels seen in this place.
 G = Mean time per level.
                   A        B        C        D        E       F      G
               +--------+--------+--------+--------+--------+-----+--------+
         Total |  27991 |  25366 |   2625 |   1262 |  18176 |  34 |  823.3 |
       Dungeon |  13364 |  11668 |   1696 |    854 |   8244 |  15 |  890.9 |
          Lair |   4819 |   4354 |    465 |      2 |   3702 |   5 |  963.8 |
        Shoals |   2887 |   2746 |    141 |    139 |   1912 |   4 |  721.8 |
     Snake Pit |   3939 |   3690 |    249 |     72 |   3006 |   4 |  984.8 |
  Orcish Mines |    763 |    691 |     72 |      0 |    507 |   2 |  381.5 |
       Ossuary |    360 |    360 |      0 |      0 |    203 |   1 |  360.0 |
        Bailey |    429 |    429 |      0 |     22 |     24 |   1 |  429.0 |
      Ice Cave |    831 |    831 |      0 |    105 |    262 |   1 |  831.0 |
      Gauntlet |    596 |    596 |      0 |     67 |    313 |   1 |  596.0 |
               +--------+--------+--------+--------+--------+-----+--------+

Top non-repeatable levels by time:
 Snake:2: 1329 daAuts
    D:11: 1316 daAuts
 Snake:1: 1302 daAuts
     D:1: 1202 daAuts
     D:3: 1158 daAuts
     D:8: 1157 daAuts
  Lair:2: 1122 daAuts
    D:10: 1050 daAuts
  Lair:5: 1021 daAuts
     D:2: 997 daAuts
  Lair:4: 920 daAuts
     D:6: 881 daAuts
  Lair:3: 880 daAuts
Shoals:2: 874 daAuts
  Lair:1: 873 daAuts
